 Dungeon Crawl Stone Soup version 0.27.0-65-ge2af304b15 (webtiles) character file.

Game seed: 17677906857570783181

318 zdrol the Covered (level 6, -1/52 HPs)
             Began as a Minotaur Fighter on Aug 18, 2021.
             Slain by Dowan (6 damage)
             ... on level 7 of the Dungeon.
             The game lasted 00:19:11 (3569 turns).

zdrol the Covered (Minotaur Fighter)                Turns: 3569, Time: 00:19:11

Health: -1/52      AC: 13    Str: 22    XL:     6   Next: 21%
Magic:  5/5        EV:  6    Int:  5    God:
Gold:   31         SH: 10    Dex: 10    Spells: 5/5 levels left

rFire    . . .     SeeInvis .   p - staff of death
rCold    . . .     Faith    .   c - +0 kite shield
rNeg     + . .     Spirit   .   k - +0 chain mail
rPois    .         Reflect  .   (helmet restricted)
rElec    .         Harm     .   e - +1 cloak
rCorr    .         Rampage  .   (no gloves)
Will     .....                  j - +0 pair of boots
Stlth    ..........             (no amulet)
HPRegen  0.17/turn              (no ring)
MPRegen  0.09/turn              (no ring)

@: mighty, lit by a corona, glowing
A: horns 2, retaliatory headbutt
a: no special abilities


You were on level 7 of the Dungeon.
You visited 1 branch of the dungeon, and saw 5 of its levels.

You collected 57 gold pieces.
You spent 26 gold pieces at shops.

Inventory:

Hand Weapons
 a - a +0 war axe
Missiles
 v - 45 stones (quivered)
Armour
 c - a +0 kite shield (worn)
 e - a +1 cloak (worn)
 j - a +0 pair of boots (worn)
 k - a +0 chain mail (worn)
 l - a +1 robe of willpower
Magical Staves
 f - a staff of cold
 p - a staff of death (weapon)
Wands
 r - a wand of paralysis (7)
Scrolls
 b - 2 scrolls of amnesia {unknown}
 g - a scroll of immolation {unknown}
 h - a scroll of noise {unknown}
 m - a scroll of teleportation {unknown}
 o - a scroll of identify
 q - a scroll of fog {unknown}
 s - a scroll of enchant armour {unknown}
 t - 2 scrolls of vulnerability {unknown}
Potions
 d - a potion of degeneration {unknown}
 i - a potion of attraction {unknown}
 n - 2 potions of curing {unknown}


   Skills:
 + Level 4.3 Fighting
 + Level 4.5 Axes
 + Level 0.4 Staves
 + Level 6.1 Armour
 + Level 1.0 Dodging
 + Level 0.1 Stealth
 + Level 4.7 Shields


You had 5 spell levels left.
You didn't know any spells.
Your spell library contained the following spells:

 Spells                   Type           Power      Damage    Failure   Level
 Dazzling Flash           Conj/Hex       0%         N/A       100%        3
 Iskenderun's Mystic Bla  Conj/Tloc      0%         2d3       100%        4
 Starburst                Conj/Fire      0%         6d3       100%        6


Dungeon Overview and Level Annotations

Branches:
Dungeon (7/15)
 Temple: D:4-7

Altars:
Fedhas

Shops:
D:2 ?   D:7 !

Annotations:
D:7 Dowan


Innate Abilities, Weirdness & Mutations

You have a pair of horns on your head.
You reflexively headbutt those who attack you in melee.


Message History

You hit Duvessa but do no damage. You headbutt Duvessa!
Duvessa is heavily wounded.
Duvessa hits you but does no damage. Duvessa hits you with a +0 rapier.
Duvessa hits you but does no damage.
You hit Duvessa.
Duvessa is heavily wounded.
Duvessa hits you with a +0 rapier. Duvessa hits you but does no damage.
You closely miss Duvessa. You headbutt Duvessa.
Duvessa is heavily wounded.
Duvessa hits you with a +0 rapier. Dowan hits you but does no damage.
Duvessa hits you with a +0 rapier.
You hit Duvessa.
Duvessa is severely wounded.
Duvessa hits you but does no damage. Dowan gestures at you while chanting.
The puff of frost hits you but does no damage.
Duvessa hits you with a +0 rapier.
You barely miss Duvessa. You headbutt Duvessa!
Duvessa is almost dead.
You block Duvessa's attack. Dowan completely misses you.
You furiously retaliate!
You headbutt Dowan! Duvessa hits you with a +0 rapier.
You hit Duvessa. Your headbutt misses Duvessa.
Duvessa is almost dead.
Dowan casts a spell at you. The puff of frost hits you!
Duvessa hits you with a +0 rapier.
* * * LOW HITPOINT WARNING * * *
Dowan points at you and mumbles some strange words.
The puff of flame hits you.
* * * LOW HITPOINT WARNING * * *
Duvessa hits you with a +0 rapier.
* * * LOW HITPOINT WARNING * * *
You feel very mighty all of a sudden. You block Duvessa's attack.
Dowan hits you with a +0 dagger.
* * * LOW HITPOINT WARNING * * *
You hit Duvessa.
You kill Duvessa!
Dowan's eyes darken. "You have made a black mistake."
Dowan seems to find hidden reserves of power!
Dowan hits you with a +0 dagger.
You die...

#.....)..............#
##.####.......#..<####
### ##.....##...#
##...###...# #####
#.### #.# #.#
#.######.##
#.....@e..#
......#)#..#
...##......... .
###.....### .....##
####.## #.# #.#


You could see Dowan (fast).

Vanquished Creatures
  Duvessa (D:7)
  An ice beast (D:7)
  A bullfrog (D:7)
  A jelly (D:7)
  An orc wizard (D:3)
  3 gnolls (D:7)
  An adder (D:2)
  2 worms (D:3)
  A dart slug (D:1)
  3 orcs (D:3)
  5 endoplasms
  4 giant cockroaches
  2 goblins (D:1)
  6 hobgoblins
  3 jackals (D:1)
  3 ball pythons
  5 bats
  2 frilled lizards (D:2)
  10 rats
55 creatures vanquished.

Notes
Turn   | Place    | Note
-------+----------+-------------------------------------------
     0 | D:1      | zdrol the Minotaur Fighter began the quest for the Orb.
     0 | D:1      | Reached XP level 1. HP: 19/19 MP: 0/0
   149 | D:1      | Reached XP level 2. HP: 26/27 MP: 1/1
   745 | D:1      | Reached skill level 4 in Armour
   904 | D:2      | Reached XP level 3. HP: 33/33 MP: 2/2
  1263 | D:2      | Found Ceytz's Magic Scroll Boutique.
  1274 | D:2      | Bought a scroll of identify for 26 gold pieces
  1390 | D:2      | Found a faded altar of an unknown god.
  1735 | D:3      | Found a blossoming altar of Fedhas.
  1849 | D:3      | HP: 1/33 [orc (2)]
  1851 | D:3      | Reached XP level 4. HP: 2/40 MP: 3/3
  2233 | D:3      | You fall into a shaft and drop 3 floors!
  2233 | D:6      | Noticed a bullfrog
  2234 | D:6      | Noticed an ice beast
  2249 | D:6      | Noticed a lemure
  2273 | D:7      | HP: 1/40 [bullfrog (4)]
  2275 | D:7      | Killed a bullfrog
  2276 | D:7      | Reached skill level 5 in Armour
  2276 | D:7      | Reached XP level 5. HP: 1/46 MP: 4/4
  2677 | D:7      | Noticed an ice beast
  2703 | D:7      | Killed an ice beast
  2983 | D:7      | Found Zyruwn's Distillery.
  3034 | D:7      | Reached skill level 1 in Dodging
  3034 | D:7      | Reached XP level 6. HP: 27/52 MP: 5/5
  3217 | D:7      | Reached skill level 6 in Armour
  3551 | D:7      | Noticed Dowan
  3554 | D:7      | Noticed Duvessa
  3569 | D:7      | Killed Duvessa
  3569 | D:7      | Slain by Dowan

Illustrated notes

Levels and vault maps discovered:
D:1:      dpeg_arrival_leaves_temple_mockup, layout_basic
D:2:      layout_basic, serial_shops, shop,
          hellmonk_ecumenical_altar_crossroads, minmay_misc_feat_tower,
          uniq_crazy_yiuf_cottage
D:3:      layout_rooms, lemuel_crystal_altar, serial_shops, shop,
          kennysheep_generic_room_10
D:6:      layout_gridville, minmay_temple_entry_mini_moons, uniq_pikel
D:7:      layout_loops_corners, serial_shops, shop_fountains,
          chequers_serial_rivers_small_b, uniq_duvessa

Skill      XL: |  1  2  3  4  5  6 |
---------------+-------------------+-----
Fighting       | 4 |  4.3
Shields        | 4 |  4.7
Armour         | 4 5 6 |  6.1
Axes           | 3 4 |  4.5
Dodging        | 1 |  1.0
Staves         | |  0.4
Stealth        | |  0.1

Action                   |  1- 3 |  4- 6 || total
-------------------------+-------+-------++-------
Melee: War axe           |   105 |    17 ||   122
       Headbutt          |    11 |    16 ||    27
       Staff             |       |    52 ||    52
  Use: Potion            |     1 |     1 ||     2
Armor: Scale mail        |    28 |       ||    28
       Chain mail        |    25 |    68 ||    93
Dodge: Dodged            |    24 |    24 ||    48
Block: Kite shield       |    51 |    54 ||   105
